 Dungeon Crawl Stone Soup version 0.26.1-2-gb8aa6d0cf2 (webtiles) character file.

Game seed: 13216183119632152028

42 Allula97 the Vexing (level 3, -1/20 HPs)
             Began as a Deep Elf Arcane Marksman on Feb 28, 2021.
             Was an Initiate of Ashenzari.
             Slain by a worm (9 damage)
             ... on level 2 of the Dungeon.
             The game lasted 00:02:58 (1295 turns).

Allula97 the Vexing (Deep Elf Arcane Marksman)      Turns: 1295, Time: 00:03:00

Health: -1/20      AC:  3    Str:  8    XL:     3   Next: 35%
Magic:  7/7        EV: 13    Int: 17    God:    Ashenzari [......]
Gold:   47         SH:  0    Dex: 15    Spells: 4/5 levels left

rFire    . . .     SeeInvis .   a - +0 shortbow (curse)
rCold    . . .     Faith    .   (shield currently unavailable)
rNeg     . . .     Spirit   .   e - +0 robe
rPois    .         Reflect  .   (no helmet)
rElec    .         Harm     .   (no cloak)
rCorr    .         Rampage  .   c - +0 pair of gloves
Will     .....                  (no boots)
Stlth    +.........             (no amulet)
HPRegen  0.06/turn              (no ring)
MPRegen  0.10/turn              (no ring)

@: no status effects
A: no striking features
a: Renounce Religion, Curse Item


You were on level 2 of the Dungeon.
You worshipped Ashenzari.
Ashenzari was noncommittal.
You visited 1 branch of the dungeon, and saw 2 of its levels.

You collected 47 gold pieces.

Inventory:

Hand Weapons
 a - a cursed +0 shortbow (weapon)
 h - a +2 long sword of draining
Missiles
 d - 47 arrows (quivered ammo)
Armour
 c - a +0 pair of gloves (worn)
 e - a +0 robe (worn)
Scrolls
 b - a scroll of fear {unknown}
 g - 3 scrolls of identify {unknown}
Potions
 f - 2 potions of heal wounds {unknown}
 i - a potion of might {unknown}


   Skills:
 * Level 1.0 Fighting
 * Level 4.0 Bows
 * Level 0.4 Armour
 * Level 2.6 Dodging
 * Level 1.8 Spellcasting
 * Level 4.4 Hexes


You had 4 spell levels left.
You knew the following spells:

 Your Spells              Type           Power        Failure   Level
a - Corona                Hex            17%          3%          1

Your spell library contained the following spells:

 Spells                   Type           Power        Failure   Level
 Slow                     Hex            16%          4%          2
 Inner Flame              Hex/Fire       9%           24%         3
 Portal Projectile        Hex/Tloc       18%          24%         3
 Cause Fear               Hex            8%           30%         4
 Leda's Liquefaction      Hex/Erth       4%           61%         4


Dungeon Overview and Level Annotations

Branches:
Dungeon (2/15)

Altars:
Ashenzari
Kikubaaqudgha


Message History

You shoot an arrow.
The arrow hits the worm but does no damage.
The worm is moderately wounded.
The worm barely misses you.
You shoot an arrow. The arrow hits the worm.
The worm is moderately wounded.
You shoot an arrow. The arrow hits the worm.
The worm is severely wounded.
The worm bites you!
You are too injured to fight recklessly!
You are too injured to fight recklessly!
You are too injured to fight recklessly!
You are too injured to fight recklessly!
Fire: 48 arrows
Press: ? - help, Q - select action, (/) - cycle Shift-Dir - straight line, f/p - worm
Aim: a worm (severely wounded, 79% to hit)
You shoot an arrow. The arrow hits the worm.
The worm is almost dead.
The worm bites you!
You die...

#. .##.
#.######≈...≈
#.#....
#.##...#≈...≈
#...#..
##.##.###≈...≈
#..#..##...#.#
###.##
#............###
#.#
#..#.#.#.......#
#_#
#.(#.........###
###
#####..###.##.####
#(....)w@..##.#
#....(#######+#
#..##( #. .. .(.
.... ..(.. .≈..PP


You could see a worm.

Vanquished Creatures
  2 dart slugs (D:1)
  A bat zombie (D:2)
  4 giant cockroaches (D:1)
  5 goblins (D:1)
  3 hobgoblins (D:1)
  4 jackals (D:1)
  2 kobolds
  7 bats
  2 frilled lizards (D:1)
  3 rats (D:1)
  A rat zombie (D:2)
34 creatures vanquished.

Vanquished Creatures (others)
  A plant (D:2)
1 creature vanquished.

Grand Total: 35 creatures vanquished

Notes
Turn   | Place    | Note
-------+----------+-------------------------------------------
     0 | D:1      | Allula97 the Deep Elf Arcane Marksman began the quest for
                  | the Orb.
     0 | D:1      | Reached XP level 1. HP: 11/11 MP: 5/5
   120 | D:1      | Reached XP level 2. HP: 12/16 MP: 4/6
   265 | D:1      | Found a broken altar of Ashenzari.
   289 | D:1      | Reached skill level 1 in Fighting
   714 | D:1      | Reached XP level 3. HP: 20/20 MP: 7/7
   908 | D:1      | Became a worshipper of Ashenzari the Shackled
  1228 | D:2      | Found an ancient bone altar of Kikubaaqudgha.
  1295 | D:2      | Slain by a worm

Illustrated notes

Levels and vault maps discovered:
D:1:      minmay_arrival_radiant_lines, layout_loops_ring,
          nicolae_ashenzari_panopticon
D:2:      layout_loops_corners, lemuel_zombie_altar_kikubaaqudgha,
          serial_bayou_pond_c, tgw_trog

Skill      XL: |  1  2  3 |
---------------+----------+-----
Bows           | 3 4 |  4.0
Fighting       | 1 |  1.0
Armour         | |  0.4
Dodging        | |  2.6
Spellcasting   | |  1.8
Hexes          | |  4.4

Action                   || total
-------------------------++-------
 Fire: Shortbow          ||   104
 Cast: Corona            ||     1
Invok: Curse Item        ||     1
Armor: Robe              ||     6
Dodge: Dodged            ||    26
